 Dungeon Crawl Stone Soup version 0.19-a0-1021-g80cc50c (webtiles) character file.

70711 Gingerlord the Unseen (level 14, -3/75 HPs)
             Began as a Spriggan Enchanter on July 26, 2016.
             Was an Elder of Uskayaw.
             Slain by a reaper
             ... wielding a +5 scythe of slicing
             ... summoned by a guardian mummy's death curse
              (4 damage)
             ... on level 13 of the Dungeon on July 27, 2016.
             The game lasted 01:12:15 (20598 turns).

Gingerlord the Unseen (Spriggan Enchanter)         Turns: 20598, Time: 01:12:16

Health: -3/75      AC:  9    Str: 12    XL:     14   Next: 95%
Magic:  0/36       EV: 31    Int: 17    God:    Uskayaw [****..]
Gold:   379        SH:  7    Dex: 19    Spells: 7 memorised, 16 levels left

rFire  . . .     SeeInvis +     w - +7 quick blade "Harphao" {drain, Str+6 Dex+2}
rCold  . . .     Gourm    .     a - +4 moon troll leather armour {Spirit, Regen++ MP+5}
rNeg   . . .     Faith    +     E - +0 buckler
rPois  .         Spirit   +     (helmet restricted)
rElec  .         Dismiss  .     M - +0 cloak
rCorr  .         Reflect  .     (gloves unavailable)
SustAt .         Harm     .     (boots unavailable)
MR     ++...     Rnd*Rage +     y - amulet of faith
Stlth  ++++++++..               P - +5 ring of slaying
                                G - ring of stealth

@: very slightly contaminated, slowed, quick, very resistant to hostile
enchantments, extraordinarily stealthy
A: unfitting armour, antennae 1, see invisible, berserk 1, dopey 1, herbivore 3,
speed 3, slow metabolism 2
a: Stomp, Line Pass, Renounce Religion


You were on level 13 of the Dungeon.
You worshipped Uskayaw.
Uskayaw was noncommittal.
You were not hungry.

You visited 4 branches of the dungeon, and saw 22 of its levels.
You also visited: Sewer.

You collected 1789 gold pieces.
You spent 1410 gold pieces at shops.

Inventory:

Hand Weapons
 w - the +7 quick blade "Harphao" (weapon) {drain, Str+6 Dex+2}
   (You acquired it on level 6 of the Lair of Beasts)

   A truly terrible weapon, it drains the life of those it strikes.
   It affects your strength (+6).
   It affects your dexterity (+2).
Armour
 a - the +4 moon troll leather armour (worn) {Spirit, Regen++ MP+5}
   (You found it on level 7 of the Dungeon)

   It affects your magic capacity (+5).
   It increases your rate of regeneration.
 E - a +0 buckler (worn)
 M - a +0 cloak (worn)
Jewellery
 y - an amulet of faith (around neck)
 A - an uncursed ring of sustain attributes
 G - a ring of stealth (left hand)
 O - an uncursed ring of protection from fire
 P - a +5 ring of slaying (right hand)
Wands
 h - a wand of heal wounds (9/9)
 K - a wand of teleportation (5/9)
 N - a wand of digging (7/24)
Scrolls
 e - 11 scrolls of remove curse
 i - a scroll of fog
 j - a scroll of amnesia
 k - 4 scrolls of immolation
 l - 5 scrolls of recharging
 n - 6 scrolls of enchant armour
 u - 3 scrolls of magic mapping
 v - 2 scrolls of blinking
 x - 4 scrolls of teleportation
 B - 4 scrolls of enchant weapon
 D - a scroll of fear
 L - 3 scrolls of identify
Potions
 b - 5 potions of resistance
 f - 9 potions of curing
 g - 7 potions of flight
 m - a potion of invisibility
 o - 4 potions of might
 p - 2 potions of brilliance
 q - 3 potions of agility
 r - a potion of magic
 s - 5 potions of haste
 C - a potion of ambrosia
 H - a potion of lignification
 J - 3 potions of heal wounds
Books
 c - a book of Maledictions

   Spells                             Type                      Level
   a - Corona                         Hexes                        1
   b - Ensorcelled Hibernation        Hexes/Ice                    2
   c - Confuse                        Hexes                        3
   d - Tukima's Dance                 Hexes                        3
   e - Dazzling Spray                 Conjuration/Hexes            3
 z - a book of Alchemy

   Spells                             Type                      Level
   a - Sublimation of Blood           Necromancy                   2
   b - Ignite Poison                  Fire/Transmutation/Poison    3
   c - Petrify                        Transmutation/Earth          4
   d - Alistair's Intoxication        Transmutation/Poison         5
   e - Irradiate                      Conjuration/Transmutation    5
 F - a book of Burglary

   Spells                             Type                      Level
   a - Swiftness                      Charms/Air                   2
   b - Passwall                       Transmutation/Earth          2
   c - Passage of Golubria            Translocation                4
   d - Lee's Rapid Deconstruction     Earth                        5
   e - Darkness                       Hexes                        6
   f - Invisibility                   Hexes                        6
Comestibles
 d - 8 bread rations
 t - 8 fruits
 I - 8 royal jellies


   Skills:
 - Level 9.1 Fighting
 - Level 10.1 Short Blades
 + Level 15.6 Dodging
 - Level 16.1 Stealth
 * Level 4.2 Shields
 * Level 12.4 Spellcasting
 + Level 12.1 Hexes
 * Level 7.2 Charms
 * Level 7.9 Translocations


You had 16 spell levels left.
You knew the following spells:

 Your Spells              Type           Power        Failure   Level  Hunger
a - Corona                Hex            ######.      1%          1    None
b - Ensorcelled Hibernat  Hex/Ice        ####..       1%          2    None
c - Confuse               Hex            ######..     1%          3    None
d - Dazzling Spray        Conj/Hex       ####..       2%          3    None
e - Invisibility          Hex            ######..     14%         6    ######.
f - Swiftness             Chrm/Air       ###.....     4%          2    None
g - Passage of Golubria   Tloc           N/A          4%          4    ##.....


Dungeon Overview and Level Annotations

Branches:
Dungeon (13/15)            Temple (1/1) D:5            Lair (6/6) D:10
 Shoals (0/4) Lair:4       Spider (0/4) Lair:4        Slime (0/5) Lair:6
    Orc (2/2) D:10            Elf (0/3) Orc:2
 Vaults: D:13-14

Altars:
Ashenzari
Cheibriados
Dithmenos
Elyvilon
Fedhas
Gozag
Hepliaklqana
Kikubaaqudgha
Makhleb
Nemelex Xobeh
Okawaru
Pakellas
Qazlal
Ru
Sif Muna
Trog
Uskayaw
Vehumet
Xom
Yredelemnul
Zin
The Shining One
Jiyva

Shops:
D:8 }(}   D:10 (   Orc:1 :*   Orc:2 ***:

Annotations:
D:4 Grinder
D:8 oshikia's ghost, novice DsGl
D:9 strifetoe's ghost, novice MfMo
D:10 LostInTranslocation's ghost, journeyman MiAE
Lair:2 Gastronok
Lair:6 1 runed door


Innate Abilities, Weirdness & Mutations

You are tiny and cannot use many weapons and most armour.
You have supernaturally acute eyesight. (SInv)
You are a herbivore.
You cover ground extremely quickly.
You need consume almost no food.
You have a pair of small antennae on your head.
You tend to lose your temper in combat.
You are dopey. (Int -2)


Message History

The hound bites you.
The reaper hits you from afar with a scythe of slicing!!!
* * * LOW HITPOINT WARNING * * *
x2 You block the hound's attack.
Unknown command.
Blink to where?
Press: ? - help, Dir - move target cursor You are very lightly contaminated with residual magic.
As you read the scroll of blinking, it crumbles to dust.
The meliai zombie is no longer sharing its pain.
The reaper is no longer sharing its pain.
The centaur zombie is no longer sharing its pain.
The hound is no longer sharing its pain.
The reaper beckons to you.
The meliai zombie completely misses you.
The meliai zombie misses you.
The hound stops to sniff the ground.
The reaper hits you from afar with a scythe of slicing!!
* * * LOW HITPOINT WARNING * * *
You die...

#####. #..
############# #..
##.....##....########
##.
#...............(...#
##
#............h......#
#............2%Z....#
#.).......?.Z#.(8...#
##)....#....@##.....##
##....######..##.....#
#.....## #..########
###...>### ##...####
#......####..)...##
#.......##.<......#
#...........####..#
#...........###.P.P#
.....###.....##.P...#


You could see a reaper, a hound and a meliai zombie.

Vanquished Creatures
  An orc warlord (Orc:1)
  3 ghouls (D:13)
  Nessos (D:12)
  A dire elephant (Lair:6)
  Erolcha (Orc:2)
  A hydra (D:12)
  A catoblepas (Lair:6)
  A centaur warrior (D:13)
  Harold (D:10)
  A deep troll shaman (Lair:6)
  9 death yaks
  4 orc high priests
  Urug (Lair:2)
  A deep elf knight (Orc:1)
  A fire crab (Lair:5)
  4 skeletal warriors (D:13)
  An unseen horror (D:12)
  7 orc knights
  4 hill giants
  Pikel (D:4)
  7 orc sorcerers
  2 ugly things
  4 deep elf magi
  A salamander (shapeshifter) (D:13)
  14 elephants
  A black mamba (Lair:6)
  4 centaur zombies
  A guardian serpent (shapeshifter) (D:13)
  4 spiny frogs
  2 torpor snails (Lair:5)
  2 gargoyles
  Psyche (D:10)
  A rime drake (Lair:4)
  4 komodo dragons
  3 guardian mummies (D:13)
  4 polar bears
  2 trolls (Orc:1)
  8 blink frogs
  A boulder beetle (Lair:4)
  A slime creature (D:11)
  A redback (Lair:4)
  3 wyverns
  50 yaks
  A vampire (D:12)
  4 basilisks
  A fire elemental (Lair:1)
  A hungry ghost (D:13)
  Grum (D:7)
  10 hippogriffs
  4 vampire mosquitoes (D:13)
  A mottled dragon (D:10)
  Edmund (D:6)
  7 water moccasins
  5 porcupines
  2 sky beasts
  2 slaves (D:4)
  An eye of draining (D:13)
  14 orc warriors
  5 ice beasts
  A necrophage (D:11)
  A wasp (D:11)
  9 ogres
  2 phantoms
  17 wolves
  7 centaurs
  13 crocodiles
  Blork the orc (D:6)
  18 giant frogs
  3 wyvern zombies (D:13)
  6 scorpions
  2 water moccasin skeletons
  5 wights (D:11)
  6 killer bees (D:13)
  A howler monkey (D:11)
  An electric eel (Lair:5)
  2 giant frog zombies
  6 crimson imps
  A quasit (D:13)
  2 wasp zombies
  A centaur skeleton (D:7)
  10 orc priests
  9 hounds
  6 jellies
  16 orc wizards
  11 iguanas
  7 worker ants
  10 sheep
  A hound skeleton (D:11)
  2 mummies (D:13)
  3 worker ant zombies
  11 adders
  22 river rats (Lair:6)
  5 oozes (D:11)
  An adder skeleton (D:8)
  A worm (D:2)
  3 dart slugs (D:1)
  9 giant geckos
  24 orcs
  7 bats
  6 giant cockroaches
  5 goblins
  4 hobgoblins
  A quokka (D:5)
  5 ball pythons
  A giant gecko skeleton (D:9)
  A giant gecko zombie (D:8)
  13 giant newts
  7 kobolds
  A quokka skeleton (D:4)
  5 rats
538 creatures vanquished.

Vanquished Creatures (others)
  A slave (D:4)
  An iguana (D:4)
  14 fungi
  3 plants
19 creatures vanquished.

Grand Total: 557 creatures vanquished

Notes
Turn   | Place    | Note
-------+----------+-------------------------------------------
     0 | D:1      | Gingerlord the Spriggan Enchanter began the quest for the Orb.
     0 | D:1      | Reached XP level 1. HP: 9/9 MP: 5/5
   257 | D:1      | Reached XP level 2. HP: 14/14 MP: 6/6
   579 | D:2      | Gained mutation: You are dopey. (Int -2) [potion of mutation]
   579 | D:2      | Gained mutation: You tend to lose your temper in combat. [potion of mutation]
   579 | D:2      | Gained mutation: You have a pair of small antennae on your head. [potion of mutation]
   587 | D:2      | Reached XP level 3. HP: 13/17 MP: 8/8
   759 | D:2      | Learned a level 2 spell: Ensorcelled Hibernation
   763 | D:2      | Learned a level 3 spell: Confuse
   781 | D:2      | Reached skill level 1 in Fighting
  1001 | D:2      | Reached skill level 5 in Stealth
  1023 | D:2      | Found a faded altar of an unknown god.
  1369 | D:3      | Reached XP level 4. HP: 18/22 MP: 2/9
  1448 | D:3      | Found a glowing drain.
  1452 | Sewer    | Entered a sewer
  1824 | Sewer    | Noticed a giant frog
  1825 | Sewer    | Noticed a giant frog
  1832 | Sewer    | Killed a giant frog
  1832 | Sewer    | Reached XP level 5. HP: 26/26 MP: 7/10
  1985 | D:3      | Found a sacrificial altar of Ru.
  2077 | D:3      | Found an opulent altar of Gozag.
  2078 | D:3      | Found a shimmering altar of Xom.
  2079 | D:3      | Found a burning altar of Makhleb.
  2609 | D:4      | Found an ancient bone altar of Kikubaaqudgha.
  2656 | D:4      | Reached skill level 5 in Dodging
  2656 | D:4      | Reached XP level 6. HP: 12/30 MP: 2/12
  2834 | D:4      | Noticed Grinder
  3059 | D:4      | Noticed a slave
  3278 | D:4      | Reached skill level 6 in Stealth
  3467 | D:4      | Noticed Pikel
  3468 | D:4      | Noticed a slave
  3530 | D:5      | Entered Level 5 of the Dungeon
  3999 | D:5      | Noticed a sky beast
  4008 | D:5      | Killed a sky beast
  4045 | D:5      | Found a staircase to the Ecumenical Temple.
  4051 | Temple   | Entered the Ecumenical Temple
  4168 | Temple   | Became a worshipper of Uskayaw the Reveler
  4374 | D:4      | Noticed a slave
  4404 | D:4      | Killed a slave
  4410 | D:4      | Noticed a slave
  4431 | D:4      | Killed a slave
  4434 | D:4      | Reached * piety under Uskayaw
  4445 | D:4      | Killed Pikel
  4445 | D:4      | Reached skill level 7 in Stealth
  4445 | D:4      | Reached skill level 5 in Hexes
  4445 | D:4      | Reached XP level 7. HP: 5/36 MP: 0/14
  4794 | D:5      | Reached ** piety under Uskayaw
  4895 | D:5      | Reached XP level 8. HP: 40/40 MP: 15/15
  5074 | D:6      | Reached skill level 8 in Stealth
  5090 | D:6      | Noticed Edmund
  5098 | D:6      | Killed Edmund
  5098 | D:6      | Reached skill level 5 in Short Blades
  5754 | D:6      | Noticed Blork the orc
  5763 | D:6      | Killed Blork the orc
  6057 | D:7      | Reached skill level 5 in Spellcasting
  6057 | D:7      | Reached *** piety under Uskayaw
  6059 | D:7      | Reached skill level 9 in Stealth
  6573 | D:7      | Reached XP level 9. HP: 45/45 MP: 17/17
  6857 | D:8      | Found Uddiut's Weapon Shop.
  6857 | D:8      | Found Ycesaes's Gadget Shop.
  6858 | D:8      | Found Uckaomigg's Gadget Shoppe.
  6863 | D:8      | Noticed Grum
  6890 | D:7      | Killed Grum
  6967 | D:7      | Reached **** piety under Uskayaw
  7113 | D:8      | Noticed oshikia's ghost (novice DsGl)
  7161 | D:8      | Found a stormy altar of Qazlal.
  7492 | D:8      | Reached skill level 10 in Stealth
  7506 | D:8      | Found a deep blue altar of Sif Muna.
  7792 | D:9      | Noticed an ice dragon
  8071 | D:9      | Reached skill level 5 in Fighting
  8177 | D:9      | Found a bloodstained altar of Trog.
  8344 | D:9      | Noticed strifetoe's ghost (novice MfMo)
  8392 | D:10     | Entered Level 10 of the Dungeon
  8399 | D:10     | Found a staircase to the Orcish Mines.
  8507 | D:10     | Reached XP level 10. HP: 51/51 MP: 19/19
  8509 | D:10     | Noticed a hill giant
  8569 | D:10     | Found Yvuqutt's Weapon Emporium.
  8628 | D:10     | Killed a hill giant
  8628 | D:10     | Reached skill level 10 in Dodging
  8640 | D:10     | Reached skill level 11 in Stealth
  8840 | D:10     | Reached ***** piety under Uskayaw
  8917 | D:10     | Noticed Harold
  8926 | D:10     | Killed Harold
  8942 | D:10     | Noticed Psyche
  8945 | D:10     | Killed Psyche
  8978 | D:10     | Noticed a hill giant
  8981 | D:10     | Killed a hill giant
  8981 | D:10     | Reached skill level 12 in Stealth
  9069 | D:10     | Noticed LostInTranslocation's ghost (journeyman MiAE)
  9340 | D:10     | Found a staircase to the Lair.
  9448 | D:10     | Noticed a hill giant
  9462 | D:10     | Killed a hill giant
  9462 | D:10     | Reached XP level 11. HP: 58/58 MP: 20/20
  9655 | Lair:1   | Entered Level 1 of the Lair of Beasts
 10402 | Lair:2   | Noticed Urug
 10403 | Lair:2   | Killed Urug
 10403 | Lair:2   | Reached skill level 13 in Stealth
 10554 | Lair:2   | Noticed Gastronok
 11663 | Lair:3   | Reached skill level 10 in Short Blades
 11733 | Lair:3   | Noticed a seven-headed hydra
 12323 | Lair:4   | Found a staircase to the Shoals.
 12354 | Lair:4   | Reached skill level 14 in Stealth
 12451 | Lair:4   | Reached XP level 12. HP: 64/64 MP: 22/22
 12464 | Lair:4   | Reached ****** piety under Uskayaw
 12771 | Lair:4   | Found a hole to the Spider Nest.
 13211 | Lair:3   | Learned a level 3 spell: Dazzling Spray
 14013 | Lair:5   | Noticed a death yak
 14035 | Lair:5   | Noticed a death yak
 14037 | Lair:5   | Noticed a death yak
 14076 | Lair:5   | Killed a death yak
 14259 | Lair:5   | Killed a death yak
 14260 | Lair:5   | Killed a death yak
 14515 | Lair:5   | Reached skill level 15 in Stealth
 14914 | Lair:6   | Entered Level 6 of the Lair of Beasts
 15156 | Lair:6   | Reached XP level 13. HP: 69/69 MP: 27/27
 15493 | Lair:6   | Reached skill level 10 in Hexes
 15922 | Lair:6   | Reached skill level 10 in Spellcasting
 16073 | Lair:6   | Noticed a dire elephant
 16114 | Lair:6   | Killed a dire elephant
 16166 | Lair:6   | Identified a scroll of acquirement
 16169 | Lair:6   | Got an encrusted quick blade
 16170 | Lair:6   | Identified the +7 quick blade "Harphao" {drain, Str+6 Dex+2} (You acquired it on level 6 of the Lair of Beasts)
 16320 | Lair:6   | Found a runed door.
 16321 | Lair:6   | Found a viscous altar of Jiyva.
 16321 | Lair:6   | Found a staircase to the Slime Pits.
 16321 | Lair:6   | Noticed an acid blob
 16650 | Orc:1    | Entered Level 1 of the Orcish Mines
 16650 | Orc:1    | Found Dehoceh's Book Shoppe.
 16715 | Orc:1    | Found Vogaheess's General Store.
 16718 | Orc:1    | Bought a scroll of identify for 30 gold pieces
 16920 | Orc:1    | Reached skill level 1 in Shields
 16954 | D:10     | Reached skill level 16 in Stealth
 16993 | Orc:1    | Reached skill level 15 in Dodging
 17044 | Orc:1    | Noticed an orc warlord
 17098 | Orc:1    | Killed an orc warlord
 17158 | Orc:1    | Bought a book of Burglary for 1200 gold pieces
 17165 | Orc:1    | Learned a level 6 spell: Invisibility
 17168 | Orc:1    | Learned a level 2 spell: Swiftness
 17173 | Orc:1    | Learned a level 4 spell: Passage of Golubria
 17225 | Orc:2    | Entered Level 2 of the Orcish Mines
 17225 | Orc:2    | Noticed Erolcha
 17229 | Orc:2    | Killed Erolcha
 17230 | Orc:2    | Found a staircase to the Elven Halls.
 17254 | Orc:2    | Reached XP level 14. HP: 75/75 MP: 30/30
 17322 | Orc:2    | Reached skill level 1 in Translocations
 17329 | Orc:2    | Found a radiant altar of Vehumet.
 17373 | Orc:2    | Found Bamoprox's Book Boutique.
 17384 | Orc:2    | Found Duhuaho's Assorted Antiques.
 17460 | Orc:2    | Reached skill level 1 in Charms
 17842 | Orc:2    | Found Vugapt's General Store.
 17844 | Orc:2    | Found Buixonk's Assorted Antiques.
 17850 | Orc:2    | Bought a potion of curing for 36 gold pieces
 17850 | Orc:2    | Bought a bread ration for 60 gold pieces
 17852 | Orc:2    | Bought a scroll of teleportation for 84 gold pieces
 18860 | D:12     | Reached skill level 5 in Translocations
 19044 | D:12     | Noticed Nessos
 19046 | D:12     | Killed Nessos
 19046 | D:12     | Reached skill level 5 in Charms
 19439 | D:13     | Noticed a ghoul
 19494 | D:13     | Killed a ghoul
 19703 | D:13     | Noticed a ghoul
 19717 | D:13     | Noticed a ghoul
 19728 | D:13     | Killed a ghoul
 19742 | D:13     | Killed a ghoul
 20585 | D:13     | Noticed a reaper
 20598 | D:13     | HP: 1/75 [reaper/scythe of slicing[a guardian mummy's death curse] (18)]
 20598 | D:13     | Slain by a reaper

Vault maps used:
D:1:      lightli_arrival_statuegarden
D:2:      ecumenical_altar_1, uniq_jessica
D:3:      gammafunk_temple_overflow_forgotten, gup_sewer_entry_bowl,
          first_bread, serial_bayou_lagoon_a, nicolae_ru_sacrificial_ziggurat
D:4:      lemuel_doored_altar, uniq_grinder, uniq_pikel
D:5:      hangedman_abyss_or_decor_slice
D:6:      uniq_edmund, uniq_blork_the_orc
D:8:      old_forge, led_sif_pool, serial_shops, nicolae_shop_crystal,
          shop_fountains, shop_fountains, basic_altar, uniq_grum
D:9:      dragon1_lemuel, trog_book
D:10:     erik_lair_dragon, orc_0_dummy, serial_shops,
          nicolae_shop_behind_doors, uniq_psyche, uniq_harold
D:11:     hangedman_little_slice_of_home
D:12:     uniq_nessos
D:13:     serial_undead, serial_undead_d, serial_undead_e, serial_undead_c,
          serial_undead_b, serial_undead_a, serial_undead_f, serial_undead_a,
          minmay_misc_feat_square
Temple:   nicolae_temple_elliptical
Lair:1:   infiniplex_staircase_pool
Lair:2:   serial_bayou_shore_b, grunt_megastairs_2, infiniplex_staircase_pool_2,
          uniq_urug, uniq_gastronok
Lair:4:   elwin_shoals_entry_rocks, spider_nest_entry_webs
Lair:5:   bh_autumn_forest_stairs, serial_bayou_shore_a
Lair:6:   grunt_lair_end_beastmaster, slime_altar_2
Orc:1:    serial_shops, shop, shop, nicolae_shop_window_shopping,
          nicolae_shop_behind_doors, nicolae_shop_crystal, elf_legates
Orc:2:    st_orc_elflike, basic_altar, uniq_erolcha
Sewer:    sewer_frog_island_01

Skill      XL: |  1  2  3  4  5  6  7  8  9 10 11 12 13 14 |
---------------+-------------------------------------------+-----
Fighting       | 1 2 3 4 5 6 7 8 9 |  9.1
Stealth        | 5 7 9 10 12 14 15 16 | 16.1
Dodging        | 4 5 6 8 9 11 13 14 15 | 15.6
Hexes          | 4 5 6 7 9 11 12 | 12.1
Short Blades   | 2 4 5 7 8 10 | 10.1
Spellcasting   | 3 4 5 6 9 11 12 | 12.4
Shields        | 2 4 |  4.2
Translocations | 7 |  7.9
Charms         | 7 |  7.2

Action                   |  1- 3 |  4- 6 |  7- 9 | 10-12 | 13-15 || total
-------------------------+-------+-------+-------+-------+-------++-------
Melee: Dagger            |   147 |   187 |   377 |   808 |   174 ||  1693
       Rapier            |       |       |       |    38 |       ||    38
       Quick blade       |       |       |       |       |   690 ||   690
 Cast: Ensorcelled Hiber |     4 |    14 |    23 |    45 |    10 ||    96
       Confuse           |       |     5 |       |     5 |    18 ||    28
       Dazzling Spray    |       |       |       |    10 |    22 ||    32
Evoke: Wand              |       |       |       |     2 |       ||     2
  Use: Potion            |     2 |     3 |       |       |     1 ||     6
       Scroll            |       |     6 |     2 |    11 |    13 ||    32
 Stab: Sleeping          |    11 |    18 |    32 |    80 |    78 ||   219
       Distracted        |     1 |     1 |       |       |     8 ||    10
       Confused          |       |     1 |       |     1 |    13 ||    15
       Paralysed         |       |       |     5 |    23 |    42 ||    70
       Invisible         |       |       |       |     8 |     8 ||    16
  Eat: Pizza             |       |     1 |       |     2 |     2 ||     5
       Bread ration      |       |     1 |       |       |     1 ||     2
       Royal jelly       |       |       |     1 |     2 |     2 ||     5
       Fruit             |       |       |     1 |     1 |     1 ||     3
Armor: Robe              |    19 |    18 |     2 |       |       ||    39
       Troll leather arm |       |       |    41 |    61 |    38 ||   140
Dodge: Dodged            |   105 |   139 |   242 |   588 |   382 ||  1456
Block: Buckler           |       |       |       |       |    82 ||    82
